 Dungeon Crawl Stone Soup version 0.29-a0-834-g1e95ca9f62 (webtiles) character file.

Game seed: 11903624082934642658

4844 zeratav the Tainter (level 10, -5/72 HPs)
             Began as an Octopode Venom Mage on July 12, 2022.
             Was an Initiate of Gozag.
             Slain by an ice beast (10 damage)
             ... on level 6 of the Dungeon.
             The game lasted 00:23:19 (12749 turns).

zeratav the Tainter (Octopode Venom Mage)          Turns: 12749, Time: 00:23:20

Health: -5/72      AC:  1    Str:  7    XL:     10   Next: 49%
Magic:  1/13       EV: 17    Int: 28    God:    Gozag
Gold:   893        SH:  0    Dex: 17    Spells: 6/13 levels left

rFire   . . .      SeeInvis .   q - +6 hand axe of the Brewing Gods {vorpal, Int+6 Dex+4, axe}
rCold   . . .      Faith    .   (no shield)
rNeg    . . .      Spirit   .   s - +0 hat
rPois   .          Reflect  .   (no amulet)
rElec   .          Harm     .   e - ring of flight
rCorr   .          Rampage  .   v - ring of willpower
Will    +....                   c - ring of wizardry
Stlth   ++++......              (no ring)
HPRegen 0.22/turn               (no ring)
MPRegen 0.13/turn               (no ring)
                                (no ring)
                                (no ring)

@: flying
A: almost no armour, amphibious, 8 rings, camouflage 1, gelatinous body 1,
(nimble swimmer 1), tentacles
a: Renounce Religion, Potion Petition, Call Merchant, Bribe Branch


You were on level 6 of the Dungeon.
You worshipped Gozag.
Gozag was pleased with you.
You visited 2 branches of the dungeon, and saw 9 of its levels.
You also visited: Sewer.

You collected 1013 gold pieces.
You paid 120 gold pieces to Gozag.


Innate Abilities, Weirdness & Mutations

You cannot wear most types of armour.
You are amphibious.
You can wear up to eight rings at the same time.
Your skin changes colour to match your surroundings (Stealth+).
Your rubbery body absorbs attacks. (AC +1, EV +1)
((You are camouflaged when in or above water. (Stealth+)))
You have tentacles for arms and can constrict up to eight enemies at once.


   Skills:
 - Level 8.0 Fighting
 - Level 8.0 Dodging
 + Level 6.3 Stealth
 - Level 2.0 Spellcasting
 + Level 5.7 Transmutations
 - Level 3.0 Fire Magic
 - Level 9.0 Poison Magic


You had 6 spell levels left.
You knew the following spells:

 Your Spells              Type           Power      Damage    Failure   Level
b - Olgreb's Toxic Radia  Pois           52%        N/A       1%          4
c - Ignite Poison         Fire/Tmut/Pois 35%        N/A       1%          3

Your spell library contained the following spells:

 Spells                   Type           Power      Damage    Failure   Level
 Sting                    Tmut/Pois      100%       1d8       1%          1
 Poisonous Vapours        Pois/Air       56%        N/A       1%          2
 Apportation              Tloc           4%         N/A       3%          1
 Freeze                   Ice            8%         1d3       3%          1
 Mephitic Cloud           Conj/Pois/Air  19%        N/A       3%          3
 Alistair's Intoxication  Tmut/Pois      28%        N/A       4%          5
 Conjure Flame            Conj/Fire      11%        6-21      6%          3
 Dazzling Flash           Conj/Hex       4%         N/A       11%         3
 Frozen Ramparts          Ice            4%         1d2       11%         3
 Sticky Flame             Conj/Fire      11%        2d3       19%         4
 Airstrike                Air            1%         0-2+      32%         4
 Hailstorm                Conj/Ice       2%         3d3       32%         4
 Iskenderun's Mystic Bla  Conj/Tloc      2%         2d3       32%         4
 Summon Lightning Spire   Summ/Air       2%         N/A       32%         4
 Lightning Bolt           Conj/Air       1%         1d12      65%         5
 Starburst                Conj/Fire      5%         6d4       95%         6

Inventory:

Hand Weapons
 o - a +2 short sword of protection {short}
   (You took it off a kobold brigand in a sewer)
 q - the +6 hand axe of the Brewing Gods (weapon) {vorpal, Int+6 Dex+4, axe}
   (You found it on level 4 of the Dungeon)

   It inflicts extra damage upon your enemies.
   Int:       It affects your intelligence (+6).
   Dex:       It affects your dexterity (+4).
 u - a +0 vorpal triple sword {longrare=g}
   (You found it on level 4 of the Dungeon)
 A - a +2 dagger of holy wrath {short}
   (You took it off a kobold on level 4 of the Dungeon)
Missiles
 j - 3 curare-tipped darts {=fthrowing}
 l - 26 poisoned darts (quivered) {throwing}
Armour
 s - a +0 hat (worn)
   (You found it on level 7 of the Dungeon)
Jewellery
 c - a ring of wizardry (on tentacle)
   (You found it on level 6 of the Dungeon)
 e - a ring of flight (left tentacle)
   (You found it on level 1 of the Dungeon)
 v - a ring of willpower (right tentacle)
   (You found it on level 4 of the Dungeon)
Wands
 b - a wand of digging (3)
   (You found it on level 8 of the Dungeon)
 i - a wand of polymorph (6)
   (You found it on level 3 of the Dungeon)
 k - a wand of acid (7)
   (You found it on level 7 of the Dungeon)
 p - a wand of charming (12)
   (You took it off Ijyb on level 3 of the Dungeon)
 y - a wand of flame (16)
   (You found it on level 5 of the Dungeon)
Scrolls
 d - 3 scrolls of teleportation {@r4}
 f - a scroll of immolation {!r!r}
 g - a scroll of enchant armour
 m - 2 scrolls of enchant weapon
 n - 2 scrolls of fog
 w - 2 scrolls of silence {!r}
 z - 2 scrolls of poison {!r}
 B - a scroll of summoning
Potions
 a - a potion of magic
 h - 2 potions of attraction {!q}
 r - 2 potions of might
 t - a potion of lignification {!q}
 x - a potion of ambrosia
 C - 2 potions of heal wounds {@q2}

Dungeon Overview and Level Annotations

Branches:
Dungeon (8/15) Zot: 25617  Temple (1/1) D:4 Zot: 5955   Sewer (visited)
   Lair: D:8-11

Altars:
Ashenzari
Cheibriados
Elyvilon
Fedhas
Gozag
Kikubaaqudgha
Makhleb
Nemelex Xobeh
Okawaru
Qazlal
Ru
Sif Muna
Trog
Uskayaw
Vehumet
Wu Jian
Xom
Yredelemnul
Zin
The Shining One

Annotations:
D:7 3 runed translucent doors, Brotato's ghost, novice SpBr; Iamsock's ghost, novice DsGl

###+###).# ..?.#
.........# #.....#
.........## .....#
..........# .....
........#.##....
........#..##..
........##.##.#######
##########.##........
#..@Y..$....
##..........
#..........
............
........$....
....$..........
...............
.......>.......


You could see an ice beast.


Message History

The gnoll looks more healthy.
The gnoll is distracted by your dazzling golden aura.
The gnoll is no longer distracted by gold.
The gnoll is distracted by your dazzling golden aura.
MP[+1]
There is a stone staircase leading up here.
You start resting.
A gnoll is nearby!
Casting: Ignite Poison (safe; 1% risk of failure)
Confirm with . or Enter, or press ? or * to list all spells.
You begin to radiate toxic energy.
The gnoll is poisoned.
MP[-3]
You lost 3 mp, and now have 1/13 mp.
You kill the gnoll!
Your toxic aura wanes.
You start resting.
MP[+12]
Your mp is fully restored (13).
You now have 851 gold pieces (gained 5).
You see here a +2 halberd of venom {polearm}.
You see here a throwing net {=fthrowing}.
You now have 860 gold pieces (gained 9).
Things that are here:
a +0 vorpal spear {polearm}; a +0 scale mail You now have 873 gold pieces (gained 13).
Things that are here:
a +0 spear {polearm}; a +0 spear {polearm} You now have 885 gold pieces (gained 12).
An iguana comes into view.
Casting: Olgreb's Toxic Radiance (dangerous; 1% risk of failure)
Confirm with . or Enter, or press ? or * to list all spells.
You begin to radiate toxic energy.
The iguana hisses angrily.
The iguana is poisoned.
The iguana looks even sicker.
You hear an angry hiss.
MP[-4]
You lost 4 mp, and now have 9/13 mp.
The iguana looks even sicker.
Your toxic aura wanes.
Casting: Olgreb's Toxic Radiance (dangerous; 1% risk of failure)
Confirm with . or Enter, or press ? or * to list all spells.
You ignite the poison in your surroundings!
The iguana seems to burn from within!!!
You kill the iguana!
MP[-3]
You lost 3 mp, and now have 6/13 mp.
Found a stone staircase leading down.
You now have 893 gold pieces (gained 8).
MP[+1]
A scorpion comes into view.
A scorpion comes into view.
Casting: Ignite Poison (safe; 1% risk of failure)
Confirm with . or Enter, or press ? or * to list all spells.
You begin to radiate toxic energy.
The scorpion is poisoned. x2
The scorpion looks even sicker.
MP[-4]
You lost 4 mp, and now have 3/13 mp.
The scorpion looks even sicker. x2
Casting: Olgreb's Toxic Radiance (dangerous; 1% risk of failure)
Confirm with . or Enter, or press ? or * to list all spells.
You ignite the poison in your surroundings!
The scorpion seems to burn from within!!
You kill the scorpion!
The scorpion seems to burn from within!!!
You kill the scorpion!
Your toxic aura wanes.
MP[-3]
You lost 3 mp, and now have 0/13 mp.
You barely miss the ice beast.
An adder comes into view.
The ice beast hits you. The ice beast freezes you!
The adder moves out of view.
HP[-15] MP[+1]
You take 15 damage, and now have 57/72 hp.
MASSIVE DAMAGE!! (PAUSE)
You barely miss the ice beast. You squeeze the ice beast.
The ice beast hits you. The ice beast freezes you!
HP[-18]
You take 18 damage, and now have 39/72 hp.
MASSIVE DAMAGE!! (PAUSE)
You barely miss the ice beast. Your squeeze misses the ice beast.
The ice beast misses you. The ice beast hits you.
* * * LOW HITPOINT WARNING * * *
The ice beast freezes you!
* * * LOW HITPOINT WARNING * * *
HP[-14]
You take 14 damage, and now have 25/72 hp.
You barely miss the ice beast. You squeeze the ice beast.
The ice beast closely misses you.
You closely miss the ice beast. The ice beast misses you.
HP[+1]
You slash the ice beast! Your squeeze misses the ice beast.
The ice beast hits you.
* * * LOW HITPOINT WARNING * * *
The ice beast freezes you!
* * * LOW HITPOINT WARNING * * *
The ice beast hits you.
* * * LOW HITPOINT WARNING * * *
The ice beast freezes you!
You die...
Your body crumbles into a pile of gold.

Skill      XL: |  1  2  3  4  5  6  7  8  9 10 |
---------------+-------------------------------+-----
Stealth        | 3 4 5 6 |  6.3
Poison Magic   | 4 6 7 8 9 |  9.0
Fighting       | 3 5 7 8 |  8.0
Dodging        | 3 5 7 8 |  8.0
Fire Magic     | 2 3 |  3.0
Transmutations | 3 5 |  5.7
Spellcasting   | |  2.0

Action                   |  1- 3 |  4- 6 |  7- 9 | 10-12 || total
-------------------------+-------+-------+-------+-------++-------
Melee: Unarmed           |     8 |    15 |       |       ||    23
       Dagger            |    44 |    72 |    36 |     2 ||   154
       Constrict         |    12 |    13 |    21 |     4 ||    50
       Tentacles         |     8 |    17 |    28 |     6 ||    59
       Punch             |     2 |     1 |     1 |     1 ||     5
       Short sword       |       |       |    70 |       ||    70
       Hand axe          |       |       |    10 |    13 ||    23
Throw: Dart              |    30 |     8 |       |       ||    38
 Cast: Sting             |    41 |     3 |     9 |       ||    53
       Olgreb's Toxic Ra |       |       |    42 |    18 ||    60
       Ignite Poison     |       |       |     3 |    12 ||    15
  Use: Potion            |       |     4 |     2 |       ||     6
       Scroll            |       |       |    10 |     2 ||    12
 Stab: Sleeping          |     2 |     9 |    23 |     3 ||    37
       Distracted        |       |       |     1 |     1 ||     2
Armor: Skin              |    13 |    26 |    13 |       ||    52
Dodge: Dodged            |    58 |    25 |    66 |     8 ||   157

Levels and vault maps discovered:
D:1:      giann_bridges, layout_basic, serial_forest,
          infiniplex_forest_clump_long, infiniplex_forest_clump_tiny,
          infiniplex_forest_lined_2, infiniplex_forest_clump_curved,
          infiniplex_forest_lined_2, chequers_ecumenical_altar_island
D:2:      layout_basic
D:3:      layout_loops_ring, pdpol_wu_jian_five_deadly_venoms,
          nicolae_sif_muna_little_library, amcnicky_altar_gilded,
          cheibrodos_sewer_entry_bend, uniq_robin, uniq_ijyb
D:4:      layout_basic, lemuel_crystal_altar, minmay_temple_entry_from_below_b,
          minmay_strange_pillars, kennysheep_small_circle, uniq_blork_the_orc,
          uniq_sigmund
D:5:      layout_basic, lemuel_mausoleum_altar_yredelemnul,
          overflow_temple_1_default, kennysheep_nub, uniq_menkaure, uniq_duvessa
D:6:      layout_basic, lemuel_coloured_pillars_altar
D:7:      cheibrodos_wizards_tower, layout_rooms, marbit_many_paths,
          mainiacjoe_overflow_catwalk_spiral, gammafunk_ghost_cemetery
D:8:      layout_basic, overflow_temple_1_default,
          gammafunk_temple_overflow_claw
Temple:   nicolae_temple_ecumenical_triangle

Notes
Turn   | Place    | Note
-------+----------+-------------------------------------------
     0 | D:1      | zeratav the Octopode Venom Mage began the quest for the
                  | Orb.
     0 | D:1      | Reached XP level 1. HP: 11/11 MP: 3/3
     0 | D:1      | magus.rc [v1.9.6]
   587 | D:1      | Reached skill level 3 in Stealth
   639 | D:1      | Found a faded altar of an unknown god.
   684 | D:1      | Reached skill level 4 in Poison Magic
   684 | D:1      | Reached XP level 2. HP: 5/17 MP: 0/5
   693 | D:1      | HP: 3/17 [giant cockroach (2)]
  1511 | D:2      | Reached XP level 3. HP: 19/21 MP: 3/6
  1537 | D:2      | Reached skill level 4 in Stealth
  2209 | D:2      | You pick up a book of Frost and begin reading...
  2209 | D:2      | You add the spells Freeze, Frozen Ramparts and Hailstorm to
                  | your library.
  2723 | D:3      | Reached XP level 4. HP: 27/27 MP: 1/7
  2826 | D:3      | Found an ornate altar of the Wu Jian Council.
  2831 | D:3      | Noticed a spectral centipede
  2831 | D:3      | Noticed a spectral black mamba
  2831 | D:3      | Noticed a spectral cane toad
  2915 | D:3      | Found a glowing drain.
  2951 | Sewer    | Entered a sewer
  3027 | Sewer    | Reached skill level 5 in Poison Magic
  3314 | Sewer    | Noticed a kobold brigand
  3320 | Sewer    | Reached skill level 5 in Stealth
  3321 | Sewer    | HP: 5/27 [kobold brigand/+0 short sword (7)]
  3339 | Sewer    | Killed a kobold brigand
  3340 | Sewer    | Reached skill level 6 in Poison Magic
  3340 | Sewer    | Reached XP level 5. HP: 18/31 MP: 8/8
  3583 | Sewer    | Noticed a kobold brigand
  3595 | Sewer    | Killed a kobold brigand
  3596 | Sewer    | Reached skill level 7 in Poison Magic
  3596 | Sewer    | Reached XP level 6. HP: 16/36 MP: 9/9
  3933 | Sewer    | Reached skill level 8 in Poison Magic
  4285 | Sewer    | HP: 8/36 [kobold brigand/+0 club (5)]
  4288 | Sewer    | Reached XP level 7. HP: 5/41 MP: 10/10
  4675 | Sewer    | Reached skill level 9 in Poison Magic
  4675 | Sewer    | Reached skill level 1 in Fighting
  4883 | D:3      | Learned a level 4 spell: Olgreb's Toxic Radiance
  5000 | D:3      | Found a glowing silver altar of Zin.
  5094 | D:3      | Reached skill level 3 in Dodging
  5214 | D:3      | Noticed Robin
  5217 | D:3      | Reached skill level 2 in Fighting
  5220 | D:3      | Killed Robin
  5296 | D:3      | Found a shimmering blue altar of Sif Muna.
  5403 | D:3      | Noticed Ijyb
  5410 | D:3      | Killed Ijyb
  5706 | D:4      | Identified the +6 hand axe of the Brewing Gods {vorpal,
                  | Int+6 Dex+4}
  5716 | D:4      | You pick up a book of Storms and begin reading...
  5716 | D:4      | You add the spells Airstrike, Summon Lightning Spire and
                  | Lightning Bolt to your library.
  5792 | D:4      | Found a staircase to the Ecumenical Temple.
  5841 | D:4      | Found a shimmering altar of Xom.
  5932 | D:4      | HP: 10/45 [acid (12)]
  6196 | D:4      | u - a +0 vorpal triple sword {longrare=g}
  6288 | D:4      | Noticed Blork the orc
  6290 | D:4      | Noticed Sigmund
  6303 | D:4      | Killed Blork the orc
  6304 | D:4      | Reached skill level 3 in Fighting
  6304 | D:4      | Reached XP level 8. HP: 45/52 MP: 3/11
  6323 | D:4      | Killed Sigmund
  6324 | D:4      | Reached skill level 4 in Dodging
  6532 | D:4      | Found a burning altar of Makhleb.
  6811 | D:4      | Reached skill level 4 in Fighting
  6928 | D:5      | Entered Level 5 of the Dungeon
  7124 | D:4      | You add the spells Conjure Flame, Ignite Poison and Sticky
                  | Flame to your library.
  7129 | Temple   | Entered the Ecumenical Temple
  7158 | Temple   | Became a worshipper of Gozag Ym Sagoz the Greedy
  7487 | D:5      | Reached skill level 5 in Dodging
  7595 | D:5      | Noticed Duvessa
  7596 | D:5      | Noticed Dowan
  7609 | D:5      | Killed Duvessa
  7610 | D:5      | Reached skill level 5 in Fighting
  7610 | D:5      | Reached skill level 1 in Fire Magic
  7690 | D:5      | Killed Dowan
  7844 | D:5      | Reached skill level 2 in Transmutations
  7938 | D:5      | Reached skill level 2 in Fire Magic
  8015 | D:5      | Learned a level 3 spell: Ignite Poison
  8068 | D:5      | Noticed Menkaure
  8803 | D:5      | Reached skill level 3 in Transmutations
  8803 | D:5      | Reached XP level 9. HP: 61/61 MP: 12/12
  8812 | D:5      | Reached skill level 3 in Fire Magic
  9064 | D:5      | Found a basalt altar of Yredelemnul.
  9079 | D:5      | Reached skill level 4 in Transmutations
  9183 | D:5      | Found a sparkling altar of Nemelex Xobeh.
  9362 | D:5      | Killed Menkaure
  9363 | D:5      | Reached skill level 5 in Transmutations
  9781 | D:6      | You are sucked into a shaft and drop 2 floors!
  9856 | D:8      | Found a burning altar of Makhleb.
 10023 | D:8      | Noticed a two-headed ogre
 10028 | D:8      | Killed a two-headed ogre
 10029 | D:8      | Reached skill level 6 in Fighting
 10029 | D:8      | Reached skill level 6 in Dodging
 10443 | D:8      | Found a broken altar of Ashenzari.
 10443 | D:8      | Found a snail-covered altar of Cheibriados.
 10443 | D:8      | Found an ancient bone altar of Kikubaaqudgha.
 10944 | D:8      | Reached skill level 7 in Fighting
 10944 | D:8      | Reached skill level 7 in Dodging
 10944 | D:8      | Reached XP level 10. HP: 71/71 MP: 2/13
 11532 | D:7      | You pick up a book of Party Tricks and begin reading...
 11532 | D:7      | You add the spells Apportation and Alistair's Intoxication
                  | to your library.
 11586 | D:7      | Found a runed translucent gate.
 11586 | D:7      | Found a runed translucent gate.
 11586 | D:7      | Found a runed translucent gate.
 11591 | D:7      | Noticed Iamsock's ghost (novice DsGl)
 11591 | D:7      | Noticed Brotato's ghost (novice SpBr)
 11618 | D:7      | Found a hide-covered altar of Uskayaw.
 11619 | D:7      | Noticed an orc sorcerer
 11625 | D:7      | Killed an orc sorcerer
 11626 | D:7      | Reached skill level 8 in Fighting
 11626 | D:7      | Reached skill level 8 in Dodging
 11818 | D:7      | Found a stormy altar of Qazlal.
 11865 | D:7      | Found a blossoming altar of Fedhas.
 12573 | D:6      | You pick up a book of Spectacle and begin reading...
 12573 | D:6      | You add the spells Dazzling Flash, Iskenderun's Mystic
                  | Blast and Starburst to your library.
 12593 | D:6      | Reached skill level 6 in Stealth
 12749 | D:6      | HP: 8/72 [ice beast (14)]
 12749 | D:6      | Slain by an ice beast

Vanquished Creatures
  A two-headed ogre (D:8)
  An orc sorcerer (D:7)
  Sigmund (D:4)
  4 yaks (D:8)
  Menkaure (D:5)
  Duvessa (D:5)
  2 sky beasts (D:7)
  An orc warrior (D:8)
  A black bear (D:5)
  An ogre (D:5)
  A centaur (D:4)
  8 kobold brigands (Sewer)
  Blork the orc (D:4)
  2 bullfrogs
  A necrophage (D:5)
  A gnoll sergeant (D:6)
  3 scorpions
  6 wights
  3 killer bees (D:8)
  Dowan (D:5)
  3 howler monkeys (D:7)
  2 bullfrog zombies (D:5)
  2 jellies
  A human zombie (D:5)
  3 iguanas
  Ijyb (D:3)
  A gnoll bouda (D:7)
  A scorpion zombie (D:5)
  An orc wizard (D:8)
  2 killer bee zombies (D:5)
  2 mummies (D:5)
  Robin (D:3)
  9 gnolls
  9 adders
  2 river rats (Sewer)
  A shadow imp (D:7)
  2 white imps
  An ufetubus (D:5)
  An adder zombie (D:5)
  5 worms
  2 dart slugs (D:2)
  9 orcs
  8 endoplasms
  3 giant cockroaches
  13 goblins
  8 hobgoblins
  4 jackals (D:1)
  13 kobolds
  4 quokkas
  4 ball pythons
  4 bats
  2 frilled lizards
  5 rats
170 creatures vanquished.

Vanquished Creatures (others)
  6 withered plants (D:7)
6 creatures vanquished.

Grand Total: 176 creatures vanquished

Table legend:
 A = Non-vault XP
 B = Vault XP
 C = Vault XP percentage of total XP
 D = Non-vault monster count
 E = Vault monster count
 F = Vault count percentage of total count
                 A         B        C        D         E       F
            +---------+---------+-------+---------+---------+-------
      Total |    4192 |    2729 |  39.4 |     106 |      64 |  37.6
            +---------+---------+-------+---------+---------+-------
        D:1 |      30 |       0 |   0.0 |      17 |       0 |   0.0
        D:2 |      48 |       0 |   0.0 |      15 |       0 |   0.0
        D:3 |      60 |      77 |  56.2 |      18 |      14 |  43.8
        D:4 |     197 |     322 |  62.0 |       8 |       5 |  38.5
        D:5 |     451 |     880 |  66.1 |      10 |      15 |  60.0
        D:6 |     397 |       0 |   0.0 |       9 |       0 |   0.0
        D:7 |     613 |     592 |  49.1 |      12 |       2 |  14.3
        D:8 |    2396 |       0 |   0.0 |      17 |       0 |   0.0
      Sewer |       0 |     858 | 100.0 |       0 |      28 | 100.0
            +---------+---------+-------+---------+---------+-------

Illustrated notes

Table legend:
 A = Kills in this place as a percentage of kills in entire the game.
 B = Kills by you in this place as a percentage of kills by you in the entire game.
 C = Kills by friends in this place as a percentage of kills by friends in the entire game.
 D = Other kills in this place as a percentage of other kills in the entire game.
 E = Experience gained in this place as a percentage of experience gained in the entire game.
 F = Experience gained in this place divided by the number of levels of this place that you have seen.
                   A       B       C       D       E      F
               +-------+-------+-------+-------+-------+----------------------
         Total | 100.0 | 100.0 |   N/A |   N/A | 100.0 | 692.1
       Dungeon |  83.5 |  83.5 |   N/A |   N/A |  87.6 | 757.9
         Sewer |  16.5 |  16.5 |   N/A |   N/A |  12.4 | 858.0
               +-------+-------+-------+-------+-------+----------------------

Table legend: (Time is in decaauts)
 A = Elapsed time spent in this place.
 B = Non-inter-level travel time spent in this place.
 C = Inter-level travel time spent in this place.
 D = Time resting spent in this place.
 E = Time spent auto-exploring this place.
 F = Levels seen in this place.
 G = Mean time per level.
                   A        B        C        D        E       F      G
               +--------+--------+--------+--------+--------+-----+--------+
         Total |  12765 |  11767 |    998 |   3033 |   6590 |  10 | 1276.5 |
       Dungeon |  10788 |   9809 |    979 |   2539 |   5473 |   8 | 1348.5 |
        Temple |     44 |     26 |     18 |      0 |     19 |   1 |   44.0 |
         Sewer |   1931 |   1931 |      0 |    494 |   1098 |   1 | 1931.0 |
               +--------+--------+--------+--------+--------+-----+--------+

Top non-repeatable levels by time:
     D:5: 2426 daAuts
   Sewer: 1931 daAuts
     D:8: 1678 daAuts
     D:4: 1598 daAuts
     D:1: 1475 daAuts
     D:2: 1234 daAuts
     D:3: 1065 daAuts
     D:7: 996 daAuts
     D:6: 313 daAuts
  Temple: 44 daAuts
